 Dungeon Crawl Stone Soup version 0.30-a0-322-g102857c98e (webtiles) character file.

Game seed: 16002010997919118312

583 billz999 the Skirmisher (level 7, -5/53 (56) HPs)
             Began as a Gnoll Hunter on Oct 28, 2022.
             Was an Initiate of Kikubaaqudgha.
             Constricted to death by Natasha (7 damage)
             ... on level 4 of the Dungeon.
             The game lasted 00:05:22 (2659 turns).

billz999 the Skirmisher (Gnoll Hunter)              Turns: 2659, Time: 00:05:23

HP:   -5/53 (56)    AC:  4    Str: 10    XL:     7   Next: 37%
MP:   19/19         EV: 11    Int: 13    God:    Kikubaaqudgha [......]
Gold: 172           SH:  0    Dex: 17    Spells: 11/11 levels left

rFire   x . .      SeeInvis .    a - +3 sling "Neist" {freeze, rF- rN++ Will+ Int+4}
rCold   . . .      Faith    .    (no shield)
rNeg    + + .      Spirit   .    c - +0 leather armour
rPois   .          Reflect  .    t - +0 helmet
rElec   .          Harm     .    (no cloak)
rCorr   .          Rampage  .    (no gloves)
Will    +....                    (no boots)
Stlth   ++........               (no amulet)
HPRegen 0.28/turn                o - ring of magical power
MPRegen 0.16/turn                (no ring)

@: grasped by roots, constricted, drained
A: fangs 1, strong nose, distributed training
a: Renounce Religion


You were on level 4 of the Dungeon.
You worshipped Kikubaaqudgha.
Kikubaaqudgha was noncommittal.
You visited 1 branch of the dungeon, and saw 4 of its levels.

You collected 172 gold pieces.

Inventory:

Hand Weapons
 a - the +3 sling "Neist" (weapon) {freeze, rF- rN++ Will+ Int+4}
   (You found it on level 4 of the Dungeon)

   Any ammunition fired from it freezes those it strikes, dealing additional
   cold damage.
   It can also slow down cold-blooded creatures.
   Int:       It affects your intelligence (+4).
   rF:        It makes you vulnerable to fire.
   rN:        It greatly protects you from negative energy.
   Will:      It increases your willpower.
 m - a +1 dagger of speed
 v - a +0 shortbow
 w - a +2 dagger of protection
Missiles
 n - 2 atropa-tipped darts
 s - a throwing net
Armour
 c - a +0 leather armour (worn)
 h - an orb of light
 t - a +0 helmet (worn)
Magical Staves
 q - a staff of air
Jewellery
 o - a ring of magical power (left hand)
Scrolls
 b - 2 scrolls of immolation
 f - a scroll of vulnerability {unknown}
 g - 3 scrolls of identify {unknown}
 k - 2 scrolls of butterflies {unknown}
 p - a scroll of amnesia {unknown}
 r - a scroll of brand weapon {unknown}
Potions
 d - 3 potions of brilliance {unknown}
 e - a potion of heal wounds {unknown}
 i - 4 potions of curing {unknown}
 j - a potion of magic {unknown}
 l - 2 potions of haste {unknown}
 u - a potion of cancellation {unknown}
 x - 2 potions of attraction {unknown}


   Skills:
 + Level 5.2 Fighting
 + Level 2.5 Short Blades
 + Level 2.5 Long Blades
 + Level 2.5 Axes
 + Level 2.5 Maces & Flails
 + Level 2.5 Polearms
 + Level 2.5 Staves
 + Level 8.9 Ranged Weapons
 + Level 2.5 Throwing
 + Level 2.5 Armour
 + Level 5.2 Dodging
 + Level 3.5 Stealth
 + Level 2.5 Shields
 + Level 2.5 Unarmed Combat
 + Level 2.5 Spellcasting
 + Level 2.0 Conjurations
 + Level 2.0 Hexes
 + Level 2.0 Summonings
 + Level 2.0 Necromancy
 + Level 2.0 Translocations
 + Level 2.0 Transmutations
 + Level 2.0 Fire Magic
 + Level 2.0 Ice Magic
 + Level 2.0 Air Magic
 + Level 2.0 Earth Magic
 + Level 2.0 Poison Magic
 + Level 2.8 Invocations
 + Level 2.5 Evocations


You had 11 spell levels left.
You didn't know any spells.
Your spell library was empty.

Dungeon Overview and Level Annotations

Branches:
Dungeon (4/15)
 Temple: D:4-7

Altars:
Elyvilon
Kikubaaqudgha
Vehumet

Shops:
D:2 *   D:4 ?*[

Annotations:
D:3 1 runed translucent door, retardedninja's ghost, amateur MiFi
D:4 Edmund; Natasha


Innate Abilities, Weirdness & Mutations

You have very sharp teeth.
Your uncanny sense of smell can sniff out nearby items.
Your experience applies equally to all skills.


Message History

Press: ? - help, Shift-Dir - straight line, f - Natasha, p - Edmund
Aim: Natasha, carrying a wand of roots (5) (61% to hit)
You shoot a sling bullet. The sling bullet closely misses Edmund.
The sling bullet hits Natasha!
The sling bullet freezes Natasha.
Natasha is almost dead.
Natasha zaps a wand.
The roots erupt in riotous growth!
Edmund is unaffected.
The grasping roots grab you! The grasping roots constrict you.
Edmund closely misses you.
Unknown command.
Okay, then.
Okay, then.
Throw: 3 darts (atropa)
Press: ? - help, Shift-Dir - straight line, f/p - Natasha
Aim: Natasha, carrying a wand of roots (4) (almost dead, 56% to hit, chance to blind on hit: 86%)
You throw an atropa-tipped dart. The atropa-tipped dart hits Edmund.
Edmund appears confused.
Edmund is heavily wounded.
The grasping roots constrict you.
Edmund closely misses Natasha.
Fire: a) +3 sling "Neist" {freeze, rF- rN++ Will+ Int+4}
Press: ? - help, Shift-Dir - straight line, f/p - Natasha
Aim: Natasha, carrying a wand of roots (4) (almost dead, 61% to hit)
You shoot a sling bullet. The sling bullet hits Edmund.
The sling bullet freezes Edmund.
Edmund is severely wounded.
Edmund seems less confused.
The grasping roots constrict you. Edmund misses you.
Fire: a) +3 sling "Neist" {freeze, rF- rN++ Will+ Int+4}
Press: ? - help, Shift-Dir - straight line, f/p - Natasha
Aim: Natasha, carrying a wand of roots (4) (almost dead, 61% to hit)
You shoot a sling bullet. The sling bullet barely misses Edmund.
The sling bullet barely misses Natasha.
The grasping roots constrict you.
Edmund hits you with a +2 dire flail of draining!
* * * LOW HITPOINT WARNING * * *
You partially resist.
You feel drained.
* * * LOW HITPOINT WARNING * * *
The grasping roots constrict you!
You die...
Kikubaaqudgha rasps: "You have failed me!
Welcome... death!"

#.#.≈.≈.≈....≈.≈..# #.
#.#.≈.≈.≈≈≈≈≈≈.≈..# #.
##.#.≈.≈........≈..# #.
#....≈.≈≈≈≈≈≈≈≈≈≈.)# #.
#.##...............# #.
#.#######.#..##..#.#
##.
#..........h###........
... ###########@#
......... ...
#@#.##....... ... #.#.
$...... ..# #+# .#.####
.#.. #####


You could see Edmund (blind) and Natasha.

Vanquished Creatures
  Sigmund (D:3)
  A water moccasin (D:4)
  A bullfrog (D:4)
  A necrophage (D:3)
  A hound (D:4)
  Natasha (twice) (D:4)
  4 gnolls
  3 adders
  A white imp (D:4)
  A worm (D:2)
  A dart slug (D:2)
  3 orcs
  4 bats
  6 endoplasms
  A giant cockroach (D:1)
  7 goblins
  5 hobgoblins
  2 quokkas (D:1)
  5 frilled lizards (D:2)
  2 kobolds
  4 rats
56 creatures vanquished.

Notes
Turn   | Place    | Note
-------+----------+-------------------------------------------
     0 | D:1      | billz999 the Gnoll Hunter began the quest for the Orb.
     0 | D:1      | Reached XP level 1. HP: 20/20 MP: 1/1
   138 | D:1      | Found a faded altar of an unknown god.
   138 | D:1      | Noticed a quasit
   191 | D:1      | Reached XP level 2. HP: 26/26 MP: 2/2
   703 | D:2      | Found Kuybas's Assorted Antiques.
   720 | D:2      | Reached XP level 3. HP: 31/31 MP: 3/3
   742 | D:2      | Found a radiant altar of Vehumet.
   922 | D:2      | Reached skill level 1 in Invocations
  1022 | D:2      | Reached skill level 1 in Short Blades
  1022 | D:2      | Reached skill level 1 in Long Blades
  1022 | D:2      | Reached skill level 1 in Axes
  1022 | D:2      | Reached skill level 1 in Maces & Flails
  1022 | D:2      | Reached skill level 1 in Polearms
  1022 | D:2      | Reached skill level 1 in Staves
  1022 | D:2      | Reached skill level 1 in Throwing
  1022 | D:2      | Reached skill level 1 in Armour
  1022 | D:2      | Reached skill level 1 in Shields
  1022 | D:2      | Reached skill level 1 in Unarmed Combat
  1022 | D:2      | Reached skill level 1 in Spellcasting
  1022 | D:2      | Reached skill level 1 in Evocations
  1240 | D:3      | Noticed Sigmund
  1257 | D:3      | Killed Sigmund
  1258 | D:3      | Reached skill level 1 in Conjurations
  1258 | D:3      | Reached skill level 1 in Hexes
  1258 | D:3      | Reached skill level 1 in Summonings
  1258 | D:3      | Reached skill level 1 in Necromancy
  1258 | D:3      | Reached skill level 1 in Translocations
  1258 | D:3      | Reached skill level 1 in Transmutations
  1258 | D:3      | Reached skill level 1 in Fire Magic
  1258 | D:3      | Reached skill level 1 in Ice Magic
  1258 | D:3      | Reached skill level 1 in Air Magic
  1258 | D:3      | Reached skill level 1 in Earth Magic
  1258 | D:3      | Reached skill level 1 in Poison Magic
  1258 | D:3      | Reached XP level 4. HP: 15/38 MP: 4/6
  1258 | D:3      | Reached XP level 5. HP: 17/43 MP: 4/7
  1504 | D:3      | Found a white marble altar of Elyvilon.
  1509 | D:3      | Found an ancient bone altar of Kikubaaqudgha.
  1513 | D:3      | Became a worshipper of Kikubaaqudgha
  1642 | D:3      | Reached skill level 5 in Fighting
  1642 | D:3      | Reached skill level 5 in Dodging
  1642 | D:3      | Reached XP level 6. HP: 51/51 MP: 9/9
  1709 | D:3      | Found a runed translucent door.
  1715 | D:3      | Noticed retardedninja's ghost (amateur MiFi)
  1937 | D:4      | Found Wujongal's General Store.
  1966 | D:4      | Found Usiydghi's Armour Emporium.
  2189 | D:4      | Found Puaheag's General Store.
  2200 | D:4      | Identified the +3 sling "Neist" {freeze, rF- rN++ Will+
                  | Int+4}
  2271 | D:4      | Noticed Edmund
  2419 | D:4      | Noticed Natasha
  2448 | D:4      | Killed Natasha
  2449 | D:4      | Reached XP level 7. HP: 27/56 MP: 10/10
  2592 | D:4      | Found Winoffof's Magic Scroll Emporium.
  2630 | D:4      | Noticed Natasha
  2633 | D:4      | Killed Natasha
  2655 | D:4      | Noticed Natasha
  2659 | D:4      | HP: 2/53 [Edmund/+2 dire flail of draining (1)]
  2659 | D:4      | Constricted to death by Natasha

Illustrated notes

Levels and vault maps discovered:
D:1:      minmay_arrival_doors, layout_loops_ring,
          dreamdust_ecumenical_altar_sealed_demon
D:2:      layout_basic, serial_shops, shop, basic_altar
D:3:      layout_basic, mainiacjoe_overflow_big_doors, ebering_ghost_sewer_d,
          nicolae_kite_square_tiling_tiny, serial_bayou_pond_e, uniq_sigmund
D:4:      minmay_diamond_boxcup, layout_basic, serial_shops, shop,
          nicolae_shop_stone, nicolae_inconvenience_store,
          nicolae_shop_hallway_stairs, uniq_edmund, uniq_natasha

Skill      XL: |  1  2  3  4  5  6  7 |
---------------+----------------------+-----
Invocations    | 2 |  2.8
Short Blades   | 1 2 |  2.5
Long Blades    | 1 2 |  2.5
Axes           | 1 2 |  2.5
Maces & Flails | 1 2 |  2.5
Polearms       | 1 2 |  2.5
Staves         | 1 2 |  2.5
Throwing       | 1 2 |  2.5
Armour         | 1 2 |  2.5
Shields        | 1 2 |  2.5
Unarmed Combat | 1 2 |  2.5
Spellcasting   | 1 2 |  2.5
Evocations     | 1 2 |  2.5
Conjurations   | 1 2 |  2.0
Hexes          | 1 2 |  2.0
Summonings     | 1 2 |  2.0
Necromancy     | 1 2 |  2.0
Translocations | 1 2 |  2.0
Transmutations | 1 2 |  2.0
Fire Magic     | 1 2 |  2.0
Ice Magic      | 1 2 |  2.0
Air Magic      | 1 2 |  2.0
Earth Magic    | 1 2 |  2.0
Poison Magic   | 1 2 |  2.0
Stealth        | 3 |  3.5
Fighting       | 5 |  5.2
Dodging        | 5 |  5.2
Ranged Weapons | |  8.9

Action                   |  1- 3 |  4- 6 |  7- 9 || total
-------------------------+-------+-------+-------++-------
Melee: Dagger            |     8 |       |       ||     8
       Bite              |     1 |       |       ||     1
 Fire: Shortbow          |    97 |    21 |       ||   118
       Sling             |       |    49 |    19 ||    68
Throw: Dart              |       |       |     1 ||     1
Armor: Leather armour    |     9 |     7 |       ||    16
Dodge: Dodged            |    22 |    32 |     6 ||    60

Table legend: (Time is in decaauts)
 A = Elapsed time spent in this place.
 B = Non-inter-level travel time spent in this place.
 C = Inter-level travel time spent in this place.
 D = Time resting spent in this place.
 E = Time spent auto-exploring this place.
 F = Levels seen in this place.
 G = Mean time per level.
                   A        B        C        D        E       F      G
               +--------+--------+--------+--------+--------+-----+--------+
         Total |   2669 |   2521 |    148 |      0 |   2177 |   4 |  667.2 |
       Dungeon |   2669 |   2521 |    148 |      0 |   2177 |   4 |  667.2 |
               +--------+--------+--------+--------+--------+-----+--------+

Top non-repeatable levels by time:
     D:3: 784 daAuts
     D:4: 722 daAuts
     D:1: 713 daAuts
     D:2: 448 daAuts
